 Dungeon Crawl Stone Soup version 0.30-a0-591-g3c58d2bc28 (webtiles) character file.

Game seed: 11300278916510821015

87395 Dartaoz the Spry (level 15, -10/74 HPs)
             Began as a Spriggan Hunter on Jan 4, 2023.
             Was a High Priest of Hepliaklqana.
             Killed from afar by a will-o-the-wisp (31 damage)
             ... with a foxfire
             ... on level 1 of the Swamp on Jan 5, 2023.
             The game lasted 01:52:33 (19852 turns).

Dartaoz the Spry (Spriggan Hunter)                 Turns: 19852, Time: 01:52:34

Health: -10/74     AC:  7    Str:  7    XL:     15   Next: 43%
Magic:  0/24       EV: 41    Int: 12    God:    Hepliaklqana [*****.]
Gold:   3138       SH:  0    Dex: 25    Spells: 14/14 levels left

rFire   . . .      SeeInvis +    J - +6 arbalest (drain)
rCold   . . .      Faith    .    (shield currently unavailable)
rNeg    . . .      Spirit   +    E - +0 steam dragon scales
rPois   .          Reflect  .    G - +2 hat {Stlth+}
rElec   .          Harm     .    Y - scarf {repulsion}
rCorr   .          Rampage  .    (gloves unavailable)
Will    ++...                    (boots unavailable)
Stlth   ++++++++                 X - amulet of guardian spirit
HPRegen 0.32/turn                A - ring of flight
MPRegen 0.19/turn                R - +5 ring of evasion

@: flying, repel missiles, very quick
A: reduced essence, very small, no large weapons, unfitting armour, see
invisible, speed 3
a: Renounce Religion, Recall Ancestor, Ancestor Identity, Transference, Idealise


You were on level 1 of the Swamp.
You worshipped Hepliaklqana.
Hepliaklqana was extremely pleased with you.
You visited 5 branches of the dungeon, and saw 24 of its levels.

You collected 3326 gold pieces.
You spent 188 gold pieces at shops.

Inventory:

Hand Weapons
 a - a +0 shortbow of freezing
 B - a +2 shortbow of freezing
 J - a +6 arbalest of draining (weapon)
Missiles
 D - a throwing net
Armour
 x - a +2 robe of willpower
 E - +0 steam dragon scales (worn)
 G - a +2 hat of stealth (worn)
 Y - a scarf of repulsion (worn)
Jewellery
 h - a ring of resist corrosion
 k - a ring of fire
 t - a ring of poison resistance
 u - an amulet of magic regeneration
 A - a ring of flight (left hand)
 F - a ring of fire
 K - a ring of willpower
 L - an amulet of regeneration
 R - a +5 ring of evasion (right hand)
 S - a ring of ice
 X - an amulet of guardian spirit (around neck)
 Z - a ring of willpower
Wands
 o - a wand of charming (2)
 z - a wand of flame (47)
 P - a wand of polymorph (2)
 Q - a wand of iceblast (4)
 T - a wand of digging (11)
Scrolls
 b - 2 scrolls of immolation
 f - 6 scrolls of blinking
 i - 2 scrolls of silence
 l - 5 scrolls of vulnerability
 n - 8 scrolls of teleportation
 p - 2 scrolls of enchant armour {unknown}
 r - a scroll of torment {unknown}
 v - 4 scrolls of fear
 w - 4 scrolls of magic mapping
 y - 6 scrolls of fog
 H - a scroll of summoning {unknown}
 W - a scroll of poison {unknown}
Potions
 c - 3 potions of ambrosia
 d - 7 potions of brilliance
 e - a potion of magic
 g - 2 potions of might
 j - 12 potions of curing
 m - 3 potions of haste
 q - 2 potions of invisibility
 s - 2 potions of heal wounds
 C - 7 potions of flight
 I - a potion of cancellation {unknown}
 U - a potion of resistance {unknown}
 V - a potion of berserk rage {unknown}
Miscellaneous
 N - a phantom mirror


   Skills:
 + Level 11.3 Fighting
 * Level 15.6 Ranged Weapons
 + Level 16.9 Dodging
 - Level 16.3 Stealth
 + Level 10.7 Invocations


You had 14 spell levels left.
You didn't know any spells.
Your spell library contained the following spells:

 Spells                   Type           Power      Damage    Failure   Level
 Magic Dart               Conj           0%         1d3       32%         1
 Call Imp                 Summ           0%         N/A       45%         2
 Cigotuvi's Dreadful Rot  Necr/Pois/Air  0%         N/A       45%         2
 Mephitic Cloud           Conj/Pois/Air  0%         N/A       69%         3
 Animate Dead             Necr           0%         N/A       97%         4
 Dispel Undead            Necr           0%         3d6       97%         4
 Passage of Golubria      Tloc           0%         N/A       97%         4
 Petrify                  Tmut/Erth      0%         N/A       97%         4
 Borgnjor's Vile Clutch   Necr/Erth      0%         N/A       100%        5
 Metabolic Englaciation   Hex/Ice        0%         N/A       100%        5
 Silence                  Hex/Air        0%         N/A       100%        5
 Death Channel            Necr           0%         N/A       100%        6
 Statue Form              Tmut/Erth      0%         N/A       100%        6
 Haunt                    Necr/Summ      0%         N/A       100%        7
 Infestation              Necr           0%         N/A       100%        8
 Lehudib's Crystal Spear  Conj/Erth      0%         10d2      100%        8


Dungeon Overview and Level Annotations

Branches:
Dungeon (15/15)            Temple (1/1) D:4            Lair (5/5) D:8
  Swamp (1/4) Lair:3       Spider (0/4) Lair:3        Slime (0/5) Lair:4
    Orc (2/2) D:9             Elf (0/3) Orc:2        Vaults (0/5) D:13
 Depths (0/4) D:15

Altars:
Ashenzari
Cheibriados
Dithmenos
Elyvilon
Fedhas
Gozag
Hepliaklqana
Kikubaaqudgha
Makhleb
Nemelex Xobeh
Okawaru
Qazlal
Ru
Sif Muna
Trog
Uskayaw
Vehumet
Wu Jian
Xom
Yredelemnul
Zin
The Shining One
Jiyva

Shops:
D:1 ?   D:4 :   D:5 *(   D:13 *   Orc:2 [[((

Annotations:
Swamp:1 Jorgrun


Innate Abilities, Weirdness & Mutations

Your life essence is reduced to manifest your ancestor. (-10% HP)
You are very small and have problems with some larger weapons.
You are too small for most types of armour.
You have supernaturally acute eyesight. (SInv)
You cover ground extremely quickly. (Speed+++)


Message History

The foxfire hits Samweis.
Samweis resists.
The foxfire hits Samweis!
Samweis resists.
A will-o-the-wisp comes into view.
Jorgrun gestures at you while chanting.
The iron shot is repelled.
Samweis hits Jorgrun with a +0 broad axe of flaming!
Samweis burns Jorgrun.
Samweis misses the tyrant leech.
You shoot a bolt. The bolt hits Jorgrun!
You drain Jorgrun.
Jorgrun is heavily wounded.
The foxfire hits Samweis!
Samweis resists.
Samweis is destroyed!
The will-o-the-wisp blinks!
You shoot a bolt. The bolt hits Jorgrun!!
You drain Jorgrun!
Jorgrun is almost dead.
The tyrant leech completely misses you.
Unknown command.
You shoot a bolt. The bolt hits the tyrant leech!
The tyrant leech is moderately wounded.
The will-o-the-wisp gestures.
The will-o-the-wisp conjures some foxfire! 2 foxfires come into view.
You shoot a bolt. The bolt hits the tyrant leech.
You drain the tyrant leech.
The tyrant leech is moderately wounded.
The foxfire hits you!! x2
The will-o-the-wisp gestures.
The will-o-the-wisp conjures some foxfire!
The tyrant leech completely misses you. 2 foxfires come into view.
The will-o-the-wisp gestures.
The will-o-the-wisp conjures some foxfire! 2 foxfires come into view.
You shoot a bolt. The bolt hits the tyrant leech.
The tyrant leech is moderately wounded.
The foxfire hits you! The foxfire hits you!!
* * * LOW HITPOINT WARNING * * *
The foxfire hits you!!!
You die...

...~....~♣
))§....♣♣~
♣♣♣.§~§.~♣~~
♣♣..§gv§.♣§~~~
♣♣..≈§§≈§.§.~.~~.♣
♣..≈≈≈§§§≈...♣.~~~
♣♣♣.≈≈≈§v§≈≈≈~.~~~~.
~..≈≈≈≈§wv§≈≈♣~.§~~.
~~.≈≈≈≈≈@§≈≈.♣..~~~.
~..≈≈≈≈.≈≈≈≈~.~~.§~.
♣♣♣..≈..<.≈.~.~~.~♣
♣♣.......†..~~.♣
♣♣......~..♣♣♣♣
♣♣~........♣
♣~~~~....~.♣
~.~~.♣♣.~~♣♣♣ ~~....
♣.~.♣


You could see Jorgrun (drained), a tyrant leech (drained) and a will-o-the-wisp.

Vanquished Creatures
  Frances (D:12)
  Kirke (D:14)
  An orc warlord (Orc:2)
  Josephine (Lair:4)
  Erolcha (D:10)
  A catoblepas (D:14)
  Fannar (D:10)
  4 vault guards (D:13)
  4 hydras
  9 centaur warriors
  4 boulder beetles
  5 two-headed ogres
  A tengu warrior (D:13)
  Urug (Lair:3)
  Sonja (Orc:1)
  A skeletal warrior (D:15)
  Amaemon (Lair:3)
  A spark wasp zombie (D:15)
  2 necromancers
  A deep elf pyromancer (D:15)
  6 orc knights
  An orc sorcerer (Orc:1)
  11 ugly things
  4 cyclopes
  2 manticores (D:13)
  A stone giant zombie (D:15)
  6 elephants (Lair:4)
  A black mamba (Lair:1)
  A frost giant skeleton (D:15)
  An orange demon (Lair:3)
  5 cane toads
  5 rime drakes
  5 yaktaurs (D:13)
  4 komodo dragons
  A freezing wraith (D:14)
  A guardian mummy (D:15)
  A meliai (Lair:3)
  6 trolls
  A polar bear (shapeshifter) (D:14)
  A spriggan zombie (D:15)
  3 hornets
  Prince Ribbit (D:7)
  2 polar bears
  A tyrant leech (Swamp:1)
  8 slime creatures
  3 wraiths
  A shadow (D:12)
  A wyvern (Lair:3)
  4 basilisks
  A human (D:11)
  28 yaks
  2 hogs (D:14)
  10 vampire mosquitoes
  2 wargs (Orc:2)
  6 water moccasins
  6 swamp worms
  3 acid dragons
  2 ice beasts
  2 sky beasts
  35 orc warriors
  3 black bears
  3 ogres
  7 wolves
  23 centaurs
  2 lemures (D:7)
  A phantom (D:4)
  A kobold brigand (D:9)
  A scorpion (D:6)
  8 bullfrogs
  6 wights
  8 killer bees
  A crimson imp (D:5)
  2 hounds (D:5)
  A gnoll bouda (D:8)
  9 orc priests
  6 jellies
  2 iguanas
  11 orc wizards
  5 hell rats (Lair:4)
  A polar bear simulacrum (Lair:2)
  2 wolf simulacra (Lair:2)
  A mummy (D:5)
  7 gnolls
  9 adders
  A shadow imp (D:6)
  3 white imps
  5 worms
  67 orcs
  8 ball pythons
  6 bats
  12 endoplasms
  4 giant cockroaches
  9 goblins
  7 hobgoblins
  5 jackals
  3 quokkas
  5 frilled lizards
  10 kobolds
  A rat (D:1)
  A river rat simulacrum (Lair:2)
494 creatures vanquished.

Vanquished Creatures (collateral kills)
  Gastronok (D:10)
  3 hydras
  A vampire mage (D:15)
  Pikel (D:7)
  A deep elf pyromancer (D:12)
  8 ugly things
  A cyclops (D:13)
  3 slime creatures
  A black mamba (Lair:1)
  A cane toad (Lair:1)
  3 komodo dragons
  A freezing wraith (D:14)
  An efreet (D:14)
  A polar bear (Lair:3)
  3 tyrant leeches
  A hornet (D:7)
  3 wraiths
  A shadow (D:13)
  2 spriggans (Swamp:1)
  A human (D:11)
  23 yaks
  2 wyverns
  A hog (D:14)
  A basilisk (Lair:1)
  A vampire mosquito (D:12)
  A steam dragon (D:7)
  A warg (Orc:1)
  A swamp worm (Lair:3)
  5 water moccasins
  2 ice beasts
  3 black bears
  10 orc warriors
  A sky beast (D:7)
  3 ogres
  A centaur (Orc:2)
  2 wolves
  A lemure (D:7)
  Blork the orc (D:5)
  2 kobold brigands
  A gnoll sergeant (D:6)
  5 bullfrogs
  5 scorpions
  3 wights (D:8)
  2 killer bees (D:8)
  4 howler monkeys
  5 jellies
  9 orc priests
  A gnoll bouda (D:6)
  4 orc wizards
  2 hell rats (Lair:4)
  4 yak simulacra (Lair:2)
  2 polar bear simulacra (Lair:2)
  3 gnolls
  A white imp (D:8)
  29 orcs
  6 endoplasms (Lair:2)
  A jackal (D:4)
  A kobold (D:9)
  A river rat simulacrum (Lair:2)
189 creatures vanquished.

Vanquished Creatures (others)
  A wraith (D:14)
  An orc priest (D:9)
  19 knights
  10 foxfires (Swamp:1)
  64 fungi
  64 plants
  5 withered plants (D:15)
164 creatures vanquished.

Grand Total: 847 creatures vanquished

Notes
Turn   | Place    | Note
-------+----------+-------------------------------------------
     0 | D:1      | Dartaoz the Spriggan Hunter began the quest for the Orb.
     0 | D:1      | Reached XP level 1. HP: 10/10 MP: 2/2
    90 | D:1      | Found War Uwip's Magic Scroll Shoppe.
   105 | D:1      | Bought a scroll of identify for 20 gold pieces
   117 | D:1      | Reached XP level 2. HP: 15/15 MP: 3/3
   592 | D:1      | Reached XP level 3. HP: 18/18 MP: 4/4
  1138 | D:2      | Reached XP level 4. HP: 23/23 MP: 5/5
  1831 | D:3      | Found a faded altar of an unknown god.
  2248 | D:4      | Found a staircase to the Ecumenical Temple.
  2264 | Temple   | Entered the Ecumenical Temple
  2326 | Temple   | Became a worshipper of Hepliaklqana the Forgotten
  2338 | D:4      | Noticed a black bear
  2339 | D:4      | Noticed a black bear
  2342 | D:4      | Killed a black bear
  2343 | D:4      | Reached XP level 5. HP: 27/27 MP: 6/6
  2344 | D:4      | Killed a black bear
  2345 | D:4      | Reached skill level 5 in Ranged Weapons
  2345 | D:4      | Reached XP level 6. HP: 32/32 MP: 7/7
  2345 | D:4      | Found a bloodstained altar of Trog.
  2430 | D:4      | Reached skill level 5 in Stealth
  2434 | D:4      | Reached skill level 5 in Dodging
  2648 | D:4      | Found a stormy altar of Qazlal.
  2648 | D:4      | Found a broken altar of Ashenzari.
  2649 | D:4      | Found a hide-covered altar of Uskayaw.
  2674 | D:4      | Reached * piety under Hepliaklqana
  2707 | D:4      | Found a sacrificial altar of Ru.
  2880 | D:4      | Found Ragg's Book Emporium.
  3023 | D:5      | Entered Level 5 of the Dungeon
  3143 | D:5      | Reached XP level 7. HP: 18/32 MP: 8/8
  3305 | D:5      | Noticed Blork the orc
  3315 | D:5      | Killed Blork the orc
  3388 | D:5      | Reached ** piety under Hepliaklqana
  3389 | D:5      | Remembered your ancestor Samweis as a knight
  3456 | D:5      | Found a burning altar of Makhleb.
  3458 | D:5      | Found a radiant altar of Vehumet.
  3499 | D:5      | Reached XP level 8. HP: 24/37 MP: 9/9
  3593 | D:5      | Found Oxi Arrynu's Assorted Antiques.
  3596 | D:5      | Found Beem's Antique Weapon Boutique.
  3609 | D:5      | Bought a potion of heal wounds for 120 gold pieces
  3609 | D:5      | Bought a scroll of identify for 48 gold pieces
  3869 | D:5      | Found a snail-covered altar of Cheibriados.
  4490 | D:6      | Reached skill level 5 in Fighting
  4579 | D:6      | Reached XP level 9. HP: 42/42 MP: 10/10
  4628 | D:6      | Found a blossoming altar of Fedhas.
  4684 | D:7      | Noticed Prince Ribbit
  4706 | D:7      | Killed Prince Ribbit
  4870 | D:7      | Reached skill level 10 in Stealth
  5029 | D:7      | Noticed Pikel
  5045 | D:7      | Killed Pikel
  5076 | D:7      | Reached *** piety under Hepliaklqana
  5411 | D:8      | Reached XP level 10. HP: 47/47 MP: 11/11
  5456 | D:8      | Reached skill level 10 in Dodging
  5537 | D:8      | Found a shimmering altar of Xom.
  5859 | D:8      | Found a staircase to the Lair.
  5885 | D:8      | Found a shadowy altar of Dithmenos.
  5975 | D:8      | Found a glowing silver altar of Zin.
  6031 | D:8      | Reached skill level 1 in Invocations
  6509 | D:9      | Reached **** piety under Hepliaklqana
  6646 | D:9      | Found a staircase to the Orcish Mines.
  6787 | D:9      | Noticed a two-headed ogre
  6801 | D:9      | Killed a two-headed ogre
  6802 | D:9      | Reached XP level 11. HP: 52/52 MP: 12/14
  7252 | D:10     | Entered Level 10 of the Dungeon
  7266 | D:10     | Noticed Gastronok
  7289 | D:10     | Killed Gastronok
  7377 | D:10     | Found a white marble altar of Elyvilon.
  7397 | D:10     | Noticed a two-headed ogre
  7408 | D:10     | Noticed Erolcha
  7442 | D:10     | Killed a two-headed ogre
  7756 | D:10     | Killed Erolcha
  7807 | D:10     | Reached ***** piety under Hepliaklqana
  7826 | D:10     | Found a glowing golden altar of the Shining One.
  7828 | D:10     | Noticed an angel
  7871 | D:10     | Found a basalt altar of Yredelemnul.
  7888 | D:10     | Noticed Fannar
  8060 | D:10     | Killed Fannar
  8619 | D:11     | Reached skill level 10 in Ranged Weapons
  8817 | D:11     | Noticed a green ugly thing
  8823 | D:11     | Killed a green ugly thing
  9034 | D:11     | Found an iron altar of Okawaru.
  9254 | Lair:1   | Entered Level 1 of the Lair of Beasts
  9726 | Lair:1   | Reached skill level 5 in Invocations
  9813 | Lair:1   | Reached XP level 12. HP: 53/58 MP: 11/16
 10641 | Lair:2   | Identified a scroll of acquirement
 10642 | Lair:2   | Acquired 988 gold pieces
 10714 | Lair:2   | Noticed an eight-headed hydra
 10786 | Lair:2   | Killed an eight-headed hydra
 10787 | Lair:2   | Reached skill level 15 in Stealth
 11621 | Lair:3   | Noticed Urug
 11756 | Lair:3   | Noticed a four-headed hydra
 11763 | Lair:3   | Killed a four-headed hydra
 11769 | Lair:3   | Found a hole to the Spider Nest.
 11949 | Lair:3   | You fall into a shaft and drop 2 floors!
 11949 | Lair:5   | Entered Level 5 of the Lair of Beasts
 12311 | Lair:4   | Reached XP level 13. HP: 63/63 MP: 19/19
 12600 | Lair:3   | Killed Urug
 13058 | Lair:3   | Found a staircase to the Swamp.
 13127 | Lair:3   | Noticed Amaemon
 13170 | Lair:3   | Killed Amaemon
 13854 | Lair:4   | Found a staircase to the Slime Pits.
 13888 | Lair:4   | Found a viscous altar of Jiyva.
 13942 | Lair:4   | Noticed Josephine
 13963 | Lair:4   | Killed Josephine
 14593 | D:12     | Noticed Frances
 14619 | D:12     | Killed Frances
 15058 | D:12     | Reached skill level 15 in Dodging
 15373 | D:9      | Reached skill level 10 in Fighting
 15387 | Orc:1    | Entered Level 1 of the Orcish Mines
 15400 | Orc:1    | Noticed Sonja
 15429 | Orc:1    | Killed Sonja
 15819 | Orc:2    | Entered Level 2 of the Orcish Mines
 15828 | Orc:2    | Reached XP level 14. HP: 69/69 MP: 19/21
 15834 | Orc:2    | Noticed an orc warlord
 15869 | Orc:2    | Killed an orc warlord
 16207 | Orc:2    | Found a staircase to the Elven Halls.
 16585 | Orc:2    | Found Taikof's Weapon Shop.
 16585 | Orc:2    | Found Zedwirex's Armour Emporium.
 16587 | Orc:2    | Found Laesinur's Antique Armour Shoppe.
 16589 | Orc:2    | Found Leekasch's Antique Weapon Boutique.
 17074 | D:13     | Found a gate to the Vaults.
 17220 | D:13     | Upgraded the game from 0.30-a0-587-gfd7c166f36 to
                  | 0.30-a0-591-g3c58d2bc28
 17220 | D:13     | Found Ugus's General Store.
 17722 | D:14     | Reached skill level 10 in Invocations
 18297 | D:14     | Reached XP level 15. HP: 54/72 MP: 10/23
 18303 | D:14     | Reached skill level 15 in Ranged Weapons
 18482 | D:14     | Noticed Kirke
 18490 | D:14     | Killed Kirke
 18690 | D:15     | Entered Level 15 of the Dungeon
 18717 | D:15     | Found a staircase to the Depths.
 19720 | Swamp:1  | Entered Level 1 of the Swamp
 19837 | Swamp:1  | Noticed Jorgrun
 19852 | Swamp:1  | Killed from afar by a will-o-the-wisp

Illustrated notes

Levels and vault maps discovered:
D:1:      psy_arrival_fountain, layout_basic, serial_shops,
          nicolae_shop_hallway_plus, dk_noncrumbling_2
D:2:      layout_loops_corners
D:3:      layout_rooms, hellmonk_ecumenical_altar_arch_garden
D:4:      layout_gridville, trog_ov_bears_minmay,
          nicolae_overflow_quartered_altars, minmay_temple_entry_slanted,
          serial_shops, nicolae_square_shop, hangedman_decor_clover_reticule
D:5:      layout_gridville, grunt_temple_overflow_lords_of_destruction,
          slow_altar_2, nicolae_wooded_promenade, uniq_blork_the_orc
D:6:      layout_gridville, fedhas_altar_fruit_tree
D:7:      layout_rooms, uniq_prince_ribbit1, uniq_pikel
D:8:      layout_gridville, mainiacjoe_overflow_catwalk, xom_confusion_cloud,
          nicolae_overflow_crystal_walls, due_lair_maze_entry_diamond
D:9:      layout_basic, erik_orc_4, hangedman_decor_growths
D:10:     layout_irregular_city, grunt_temple_overflow_holy_war,
          mainiacjoe_overflow_24_doors, uniq_gastronok, uniq_erolcha,
          uniq_fannar
D:11:     layout_loops_ring, okawaru_humans
D:12:     layout_basic, uniq_frances
D:13:     layout_loops_ring, lightli_vaults_fourway_checkpoint,
          kennysheep_windowed_goal
D:14:     layout_roguey [special_room_orc], chequers_serial_rivers_marsh,
          uniq_kirke
D:15:     gammafunk_depths_entry_grave, layout_loops_ring, nicolae_sextant
Temple:   nicolae_temple_little_seven
Lair:1:   layout_chaotic_city, grunt_megastairs_5
Lair:2:   lemuel_slime, layout_big_grid, eino_house_with_fridge
Lair:3:   layout_roguey, palyth_hydra_swamp_entry,
          hellmonk_spider_entry_not_the_bees, st_stairs_8,
          chequers_serial_rivers_room_b, uniq_amaemon, uniq_urug
Lair:4:   layout_regular_city, nicolae_slime_entry_field_trip,
          minmay_lair_drake_nest, uniq_josephine
Lair:5:   minmay_lair_end_enchanted_forest, layout_long_grid, nzn_ghost_randoct,
          portal_ice_cave_entry_pillars_2, serial_bayou_shore_a, uniq_snorg
Swamp:1:  layout_basic_swamp, infiniplex_staircase_pool, uniq_jorgrun
Orc:1:    layout_caves, rock_pile, uniq_sonja
Orc:2:    st_orc_rangers, layout_caves

Skill      XL: |  1  2  3  4  5  6  7  8  9 10 11 12 13 14 15 |
---------------+----------------------------------------------+-----
Stealth        | 2 3 4 5 7 9 11 13 14 16 | 16.3
Dodging        | 3 4 5 6 8 9 11 12 13 15 16 | 16.9
Fighting       | 2 3 4 5 6 7 8 9 10 11 | 11.3
Ranged Weapons | 5 6 7 8 9 10 11 13 14 15 | 15.6
Invocations    | 2 5 7 8 10 | 10.7

Action                   |  1- 3 |  4- 6 |  7- 9 | 10-12 | 13-15 || total
-------------------------+-------+-------+-------+-------+-------++-------
 Fire: Shortbow          |   136 |   132 |   233 |   887 |   372 ||  1760
       Arbalest          |       |       |       |       |   593 ||   593
Invok: Recall Ancestor   |       |     1 |     9 |    32 |    20 ||    62
       Ancestor Identity |       |     1 |       |       |       ||     1
       Ancestor Life: Kn |       |       |     1 |       |       ||     1
       Transference      |       |       |       |     6 |     3 ||     9
       Idealise          |       |       |       |       |     8 ||     8
  Use: Scroll            |     3 |     4 |    11 |     8 |     9 ||    35
       Potion            |       |       |       |     3 |     4 ||     7
Armor: Robe              |     4 |     2 |     3 |       |       ||     9
       Steam dragon scal |       |       |       |    11 |     9 ||    20
Dodge: Dodged            |    26 |    17 |    34 |   172 |   512 ||   761
       Repelled          |       |       |       |     1 |     7 ||     8

Table legend: (Time is in decaauts)
 A = Elapsed time spent in this place.
 B = Non-inter-level travel time spent in this place.
 C = Inter-level travel time spent in this place.
 D = Time resting spent in this place.
 E = Time spent auto-exploring this place.
 F = Levels seen in this place.
 G = Mean time per level.
                   A        B        C        D        E       F      G
               +--------+--------+--------+--------+--------+-----+--------+
         Total |  14601 |  13940 |    661 |   1923 |   7862 |  24 |  608.4 |
       Dungeon |   9267 |   8807 |    460 |    701 |   5615 |  15 |  617.8 |
        Temple |     43 |     43 |      0 |      0 |     19 |   1 |   43.0 |
          Lair |   4035 |   3866 |    169 |    938 |   1731 |   5 |  807.0 |
         Swamp |    124 |    124 |      0 |     45 |      3 |   1 |  124.0 |
  Orcish Mines |   1131 |   1101 |     30 |    239 |    493 |   2 |  565.5 |
               +--------+--------+--------+--------+--------+-----+--------+

Top non-repeatable levels by time:
  Lair:3: 1097 daAuts
  Lair:1: 1039 daAuts
    D:10: 1000 daAuts
  Lair:2: 896 daAuts
  Lair:4: 895 daAuts
     D:8: 861 daAuts
    D:14: 831 daAuts
   Orc:2: 764 daAuts
     D:2: 721 daAuts
     D:5: 658 daAuts
    D:13: 621 daAuts
     D:9: 588 daAuts
    D:11: 551 daAuts
    D:15: 549 daAuts
    D:12: 546 daAuts
